 Dungeon Crawl Stone Soup version 0.28-a0-313-gbc0475efdd (webtiles) character file.

Game seed: 3859439206446724518

543 freelancePsychic the Summoner (level 7, -1/55 HPs)
             Began as a Barachi Summoner on Sept 1, 2021.
             Slain by an orc priest (5 damage)
             ... on level 5 of the Dungeon.
             The game lasted 00:10:49 (6191 turns).

freelancePsychic the Summoner (Barachi Summoner)    Turns: 6191, Time: 00:10:50

Health: -1/55      AC:  6    Str:  9    XL:     7   Next: 27%
Magic:  9/11       EV: 12    Int: 17    God:
Gold:   139        SH:  0    Dex: 13    Spells: 5/12 levels left

rFire   . . .      SeeInvis .   e - +1 short sword (elec)
rCold   . . .      Faith    .   (no shield)
rNeg    . . .      Spirit   .   a - +0 robe
rPois   .          Reflect  .   c - +2 helmet
rElec   .          Harm     .   h - +0 cloak
rCorr   .          Rampage  .   (no gloves)
Will    .....                   (no boots)
Stlth   +.........              (no amulet)
HPRegen 0.18/turn               (no ring)
MPRegen 0.12/turn               (no ring)

@: confused, slow
A: amphibious, slowness 1, strong legs 1, +LOS
a: Hop


You were on level 5 of the Dungeon.
You visited 1 branch of the dungeon, and saw 5 of its levels.

You collected 139 gold pieces.

Inventory:

Hand Weapons
 e - a +1 short sword of electrocution (weapon)
Armour
 a - a +0 robe (worn)
 c - a +2 helmet (worn)
 g - a +0 ring mail
 h - a +0 cloak (worn)
Magical Staves
 i - a staff of earth
Scrolls
 b - a scroll of identify {@r1}
 j - a scroll of blinking
 l - a scroll of teleportation {@r4}
Potions
 d - 3 potions of heal wounds {@q2}
 f - 4 potions of flight


   Skills:
 - Level 4.3 Fighting
 + Level 0.2 Short Blades
 - Level 2.1 Dodging
 - Level 1.7 Stealth
 - Level 3.0 Spellcasting
 - Level 1.2 Hexes
 * Level 8.1 Summonings
 + Level 2.0 Air Magic


You had 5 spell levels left.
You knew the following spells:

 Your Spells              Type           Power      Damage    Failure   Level
a - Summon Small Mammal   Summ           100%       N/A       1%          1
b - Call Canine Familiar  Summ           30%        N/A       1%          3
c - Summon Guardian Gole  Hex/Summ       18%        N/A       8%          3

Your spell library contained the following spells:

 Spells                   Type           Power      Damage    Failure   Level
 Call Imp                 Summ           30%        N/A       1%          2
 Slow                     Hex            6%         N/A       16%         2
 Summon Lightning Spire   Summ/Air       19%        N/A       22%         4
 Confusing Touch          Hex            6%         N/A       30%         3
 Vampiric Draining        Necr           1%         2d6       45%         3
 Yara's Violent Unravell  Hex/Tmut       2%         3d3       98%         5


Dungeon Overview and Level Annotations

Branches:
Dungeon (5/15)
 Temple: D:4-7

Altars:
The Shining One

Shops:
D:2 =


Innate Abilities, Weirdness & Mutations

You are amphibious.
You cover ground slowly.
You can hop short distances.
You have an extended range of vision and can be seen from far away.


Message History

The orc wizard points at you and mumbles some strange words.
You resist with some effort.
An orc priest comes into view. It is wielding a +0 club.
The orc wizard points at you and mumbles some strange words.
You are confused.
The orc priest shouts!
Are you sure you want to stumble around while confused and next to your hound? [Y]es or [N]o only, please.
Are you sure you want to stumble around while confused and next to your hound?
Okay, then.
The orc wizard shouts!
The orc priest mumbles some strange prayers to Beogh against you.
Beogh smites you!
An orc priest comes into view. It is wielding a +0 hand axe.
The orc wizard gestures at you while chanting.
The magic dart hits your hound!
You're too confused to move!
Your hound barely misses the orc wizard.
The orc priest mumbles some strange prayers to Beogh against you.
Pain shoots through your body!
The orc priest mumbles some strange prayers to Beogh against you.
Pain shoots through your body!
The orc wizard hits your hound with a +0 dagger.
The orc wizard casts a spell at you. The magic dart hits you!
You closely miss the orc priest.
Your hound closely misses the orc wizard.
The orc priest closely misses you.
The orc priest mumbles some strange prayers to Beogh against you.
Beogh smites you!
* * * LOW HITPOINT WARNING * * *
An orc comes into view.
It is wielding a +0 dagger and quivering poisoned darts.
Your hound bites the orc wizard.
The orc wizard mumbles some strange words.
The orc wizard flickers and vanishes!
Deactivating autopickup; reactivate with Ctrl-A.
You are too confused!
Your hound bites something.
The orc priest hits you with a +0 dagger.
You die...

............#############
............#............
............#............
............#............
..................<......
............#............
............#............
............#............
........@...#............
.........o..#............
............#............
####........#............
##...o...##...##....##
#...oh..##..o# ....#
#..o.{..# +.......#
#.......#


You could see 3 orc priests, an orc wizard and a friendly hound (summoned).

Vanquished Creatures
  2 phantoms (D:4)
  2 scorpions (D:4)
  A hound (D:3)
  An orc wizard (D:3)
  An iguana (D:5)
  3 adders
  A white imp (D:3)
  A dart slug (D:2)
  5 orcs
  A ball python (D:2)
  2 endoplasms
  15 goblins
  3 hobgoblins
  4 jackals
  2 kobolds
  A quokka (D:1)
  5 bats
  3 frilled lizards
  6 rats
59 creatures vanquished.

Vanquished Creatures (collateral kills)
  An iguana (D:3)
  Robin (D:4)
  An adder (D:4)
  A worm (D:2)
  A dart slug (D:4)
  5 orcs (D:3)
  2 bats (D:1)
  4 endoplasms
  3 giant cockroaches (D:1)
  4 goblins
  8 hobgoblins
  2 jackals (D:2)
  2 kobolds (D:1)
  2 quokkas
  3 ball pythons (D:1)
  A frilled lizard (D:1)
  3 rats
44 creatures vanquished.

Grand Total: 103 creatures vanquished

Notes
Turn   | Place    | Note
-------+----------+-------------------------------------------
     0 | D:1      | freelancePsychic the Barachi Summoner began the quest for
                  | the Orb.
     0 | D:1      | Reached XP level 1. HP: 13/13 MP: 3/3
   445 | D:1      | Reached skill level 1 in Fighting
   445 | D:1      | Reached skill level 5 in Summonings
   461 | D:1      | Reached XP level 2. HP: 15/21 MP: 3/5
  1161 | D:1      | Reached XP level 3. HP: 27/27 MP: 4/6
  1271 | D:1      | Learned a level 3 spell: Call Canine Familiar
  1565 | D:1      | Reached skill level 1 in Air Magic
  2134 | D:2      | Reached XP level 4. HP: 28/33 MP: 7/7
  2415 | D:2      | Found a faded altar of an unknown god.
  2529 | D:2      | Found Xiwemec's Jewellery Boutique.
  2536 | D:2      | Reached skill level 6 in Summonings
  4011 | D:3      | Reached XP level 5. HP: 40/40 MP: 8/8
  4388 | D:4      | Noticed Robin
  4730 | D:3      | Reached skill level 1 in Hexes
  4737 | D:3      | Reached XP level 6. HP: 8/47 MP: 6/9
  5039 | D:3      | Learned a level 3 spell: Summon Guardian Golem
  5053 | D:4      | Reached skill level 7 in Summonings
  5639 | D:4      | Killed Robin
  5671 | D:4      | Found a glowing golden altar of the Shining One.
  5922 | D:4      | Reached XP level 7. HP: 43/54 MP: 2/11
  6007 | D:4      | Reached skill level 8 in Summonings
  6161 | D:5      | Entered Level 5 of the Dungeon
  6191 | D:5      | Slain by an orc priest

Illustrated notes

Levels and vault maps discovered:
D:1:      giann_wishing_wells, layout_loops_ring
D:2:      layout_basic, serial_shops, shop, chequers_ecumenical_altar_grove
D:3:      layout_basic, bh_walls_and_bars
D:4:      layout_rooms, tso_metal_star, grunt_tough_drop, uniq_robin
D:5:      gammafunk_wand_slinger, layout_basic, zin_angel,
          nicolae_sif_muna_condensation, gammafunk_temple_overflow_forgotten,
          gup_sewer_entry_glass

Skill      XL: |  1  2  3  4  5  6  7 |
---------------+----------------------+-----
Fighting       | 1 2 3 4 |  4.3
Summonings     | 5 6 7 8 |  8.1
Air Magic      | 1 2 |  2.0
Hexes          | 1 |  1.2
Spellcasting   | 3 |  3.0
Short Blades   | |  0.2
Dodging        | |  2.1
Stealth        | |  1.7

Action                   |  1- 3 |  4- 6 |  7- 9 || total
-------------------------+-------+-------+-------++-------
Melee: Unarmed           |    34 |       |       ||    34
       Short sword       |    18 |   174 |     8 ||   200
 Cast: Summon Small Mamm |    38 |     3 |       ||    41
       Call Canine Famil |     3 |    16 |     2 ||    21
       Summon Guardian G |       |     5 |     1 ||     6
 Abil: Hop               |       |     1 |       ||     1
  Use: Scroll            |     1 |     7 |     2 ||    10
       Potion            |       |     1 |       ||     1
 Stab: Sleeping          |       |     4 |       ||     4
Armor: Robe              |     8 |    58 |       ||    66
Dodge: Dodged            |    62 |   112 |     6 ||   180

Table legend: (Time is in decaauts)
 A = Elapsed time spent in this place.
 B = Non-inter-level travel time spent in this place.
 C = Inter-level travel time spent in this place.
 D = Time resting spent in this place.
 E = Time spent auto-exploring this place.
 F = Levels seen in this place.
 G = Mean time per level.
                   A        B        C        D        E       F      G
               +--------+--------+--------+--------+--------+-----+--------+
         Total |   6733 |   6530 |    203 |    786 |   4785 |   5 | 1346.6 |
       Dungeon |   6733 |   6530 |    203 |    786 |   4785 |   5 | 1346.6 |
               +--------+--------+--------+--------+--------+-----+--------+

Top non-repeatable levels by time:
     D:3: 2175 daAuts
     D:1: 2116 daAuts
     D:4: 1231 daAuts
     D:2: 1177 daAuts
     D:5: 32 daAuts
